AoeStats
← Brisingr

Arabian Desert

510196713Analyzed
1v1 RM · 4d ago on Sep 29, 2026· 35m 54s· 2 players
Game mode
Random Map
Map size
Tiny (2 player)
Population
200
Speed
Normal
Resources
Standard
Victory
Conquest
Starting age
Dark Age
Ending age
Imperial Age
RankedLock teamsTeams togetherTeam positionsShared explorationLock speedFull tech treeHidden civsTurbo modeCheats
Victory
Defeat
🇵🇹 Magyars · Portugal
1555
+15
🇦🇷 Cumans · Argentina
1535
-15
Gnocchini
6:32 Loom
9:29 Feudal Age
10:19 Double-Bit Axe
12:59 Horse Collar
22:53 Castle Age
21:32 Wheelbarrow
21:18 Forging
22:03 Scale Barding Armor
23:48 Bloodlines
29:07 Town Watch
30:25 Bow Saw
34:21 Chain Barding Armor
34:37 Iron Casting
34:28 Heavy Plow
34:55 Fletching
Brisingr
6:47 Loom
9:10 Feudal Age
9:14 Man-at-Arms
11:40 Double-Bit Axe
12:39 Horse Collar
20:10 Castle Age
19:49 Fletching
20:50 Bodkin Arrow
20:24 Crossbowman
21:16 Bow Saw
25:23 Padded Archer Armor
29:25 Husbandry
29:47 Gold Mining
30:24 Bloodlines
32:44 Ballistics
33:07 Wheelbarrow
33:22 Town Watch
36:47 Imperial Age
Connection lost

Rejoining the realm…

Still unreachable

The connection could not be restored.

Session expired

The server has moved on; the page needs a fresh start.